Map: Curious Minds LE

Players

Warthog - Winner!

  • Race: Terran Terran
  • League: Diamond
  • Spawn Location: 11:00

amgine

  • Race: Terran Terran
  • League: Diamond
  • Spawn Location: 5:00

VOD

Have the link to the VOD?

Description

Time

  • Played on: Nov. 23, 2021, 7:49 p.m.
  • Length: 10:59
Show
View Real Time Build Order
Export as new Build Order

Warthog Terran - Winner!

Build Orders:  

Get SALT Encoding   

  12  0:00  SCV  
  13  0:12  SCV  
  14  0:17  Supply Depot  
  14  0:24  SCV  
  15  0:39  SCV  
  15  0:40  Barracks  
  16  0:45  Refinery  
  16  0:51  SCV  
  17  0:57  Refinery  
  17  1:03  SCV  
  18  1:15  SCV  
  19  1:30  Reaper, Orbital Command  
  20  1:40  Supply Depot  
  20  1:45  Factory  
  20  1:56  SCV  
  21  2:02  Reaper  
  23  2:08  SCV  
  23  2:20  SCV  
  24  2:24  Command Center  
  24  2:32  SCV  
  25  2:39  Reaper  
  25  2:40  Hellion  
  28  2:45  Supply Depot, SCV  
  29  3:01  Hellion  
  31  3:09  SCV  
  32  3:14  Barracks Reactor  
  32  3:19  Starport  
  32  3:22  SCV  
  32  3:24  Factory Tech Lab  
  33  3:41  Orbital Command  
  33  3:47  Cyclone  
  36  3:50  SCV  
  36  3:53  Marine x2  
  39  4:00  Starport Reactor  
  39  4:03  SCV  
  39  4:07  Command Center  
  40  4:20  SCV x2, Marine x2  
  40  4:22  Siege Tank  
  46  4:34  SCV x2  
  46  4:37  Viking x2  
  46  4:38  Marine x2  
  54  4:50  Barracks  
  54  4:51  Barracks  
  54  4:57  Supply Depot  
  54  5:01  Supply Depot  
  54  5:18  Viking x2, Siege Tank, SCV x2  
  64  5:30  SCV x2, Orbital Command  
  64  5:34  Engineering Bay  
  65  5:36  Engineering Bay  
  65  5:42  SCV  
  65  5:43  SCV  
  67  5:50  Barracks Tech Lab x2  
  67  5:55  SCV x2  
  67  5:56  Refinery  
  69  5:57  Refinery  
  69  6:03  SCV  
  70  6:06  Terran Infantry Armor Level 1, Terran Infantry Weapons Level 1  
  70  6:12  SCV x2  
  70  6:17  Stimpack  
  70  6:18  Marine x2  
  74  6:24  SCV, Combat Shield, Orbital Command  
  74  6:25  SCV  
  76  6:26  Marine x2  
  78  6:36  Marine  
  78  6:37  SCV  
  78  6:39  Marine  
  81  6:42  Siege Tank  
  81  6:44  Marine  
  85  6:47  Marine  
  85  6:48  SCV  
  85  7:06  SCV  
  85  7:07  Viking, Marine  
  85  7:09  Marine  
  85  7:14  Siege Tank  
  84  7:22  SCV  
  85  7:27  Supply Depot, Armory  
  85  7:28  Supply Depot  
  85  7:31  SCV, Barracks  
  85  7:33  Barracks  
  85  7:48  SCV x3, Medivac  
  90  7:53  Refinery x2  
  90  7:56  Siege Tank  
  90  7:57  Marine x4  
  97  8:01  SCV x3  
  97  8:02  Command Center  
  97  8:03  Factory  
  100  8:13  Supply Depot, SCV x3  
  100  8:15  Supply Depot, Terran Vehicle Weapons Level 1, Marine  
  104  8:25  SCV x3, Terran Infantry Weapons Level 2  
  104  8:26  Terran Infantry Armor Level 2  
  106  8:37  Supply Depot, SCV x3  
  106  8:39  Barracks Reactor  
  106  8:40  Barracks Reactor, Supply Depot, Marine x4  
  113  8:49  SCV x2  
  114  8:58  Marine x3  
  114  9:01  Supply Depot, Marine  
  114  9:02  Siege Tank  
  120  9:03  Supply Depot  
  120  9:10  Factory Tech Lab  
  120  9:11  Medivac  
  120  9:15  Marine  
  120  9:16  Marine x2  
  124  9:19  Marine  
  124  9:22  Marine x2  
  123  9:24  Supply Depot  
  116  9:32  SCV x3, Marine  
  116  9:33  Marine x3  
  116  9:34  Siege Tank, Marine  
  116  9:37  Marine  
  128  9:44  SCV x2, Marine x2  
  131  9:50  Viking, Siege Tank  
  131  9:51  Marine  
  131  9:52  SCV  
  124  9:56  SCV  
  124  9:57  SCV  
  125  10:00  Planetary Fortress  
  125  10:04  SCV  
  126  10:08  SCV  
  123  10:14  Marine x5  
  123  10:15  Medivac, Siege Tank  
  123  10:20  Medivac  
  122  10:31  Marine x3  
  122  10:32  Marine x5  
  122  10:33  SCV x2  
  125  10:47  SCV  
  125  10:51  Missile Turret  
  125  10:52  Missile Turret  
  127  10:53  Missile Turret  
  127  10:56  Missile Turret  
Show
View Real Time Build Order
Export as new Build Order

amgine Terran 

Build Orders:  

Get SALT Encoding   

  12  0:00  SCV  
  13  0:12  SCV  
  14  0:17  Supply Depot  
  14  0:24  SCV  
  15  0:38  SCV  
  15  0:40  Barracks  
  16  0:46  Refinery  
  16  0:50  SCV  
  16  0:54  Refinery  
  17  1:03  SCV  
  18  1:15  SCV  
  19  1:28  Supply Depot  
  19  1:29  Reaper  
  20  1:34  Orbital Command  
  20  1:44  Factory  
  20  2:00  SCV  
  21  2:04  Reaper  
  22  2:12  SCV  
  23  2:24  SCV  
  23  2:28  Command Center  
  24  2:34  Hellion  
  26  2:38  SCV  
  26  2:43  Supply Depot  
  26  2:45  Reaper  
  27  2:52  SCV  
  27  2:57  Hellion  
  30  3:05  Starport  
  30  3:06  SCV  
  31  3:18  SCV  
  32  3:28  Barracks Reactor, Factory Tech Lab  
  32  3:30  SCV  
  33  3:42  SCV  
  34  3:51  Orbital Command  
  34  3:54  SCV, Factory Tech Lab  
  34  3:55  Raven  
  37  4:03  Command Center  
  37  4:04  Marine  
  37  4:05  Marine  
  37  4:06  SCV  
  40  4:18  SCV x2  
  40  4:21  Siege Tank  
  45  4:28  Marine x2  
  45  4:30  SCV x2  
  49  4:32  Refinery  
  49  4:37  Refinery  
  49  4:39  Raven  
  49  4:42  SCV  
  52  4:46  SCV  
  53  4:54  SCV  
  53  4:57  Barracks x2  
  54  5:15  Supply Depot, SCV x2, Siege Tank, Marine x2  
  54  5:17  Supply Depot  
  61  5:27  SCV x2  
  60  5:39  SCV  
  63  5:44  Engineering Bay  
  63  5:45  Engineering Bay, Barracks Reactor x2  
  61  5:52  Siege Tank  
  61  5:54  SCV x2  
  66  5:58  Stimpack  
  67  6:08  Orbital Command  
  67  6:10  SCV x2  
  68  6:12  Viking x2  
  68  6:18  Supply Depot, Terran Infantry Weapons Level 1  
  72  6:20  Supply Depot, Terran Infantry Armor Level 1, Marine  
  72  6:22  SCV  
  72  6:25  Marine x2  
  74  6:26  Marine  
  74  6:28  SCV  
  81  6:32  Siege Tank  
  78  6:43  SCV  
  78  6:44  SCV x2  
  78  6:45  Marine  
  78  6:46  Marine  
  82  6:47  Marine x3  
  82  6:48  Viking  
  88  6:55  SCV  
  88  6:56  Supply Depot  
  88  6:58  Supply Depot  
  85  7:13  Marine  
  85  7:15  Siege Tank, Marine  
  75  7:16  Marine x3  
  75  7:19  SCV  
  75  7:20  SCV x2  
  81  7:34  Marine x3  
  81  7:36  Marine x2  
  79  7:38  Viking x2, SCV  
  79  7:40  SCV  
  79  7:41  Refinery  
  79  7:43  Refinery  
  85  7:47  Hellion  
  87  7:51  Marine  
  87  7:52  Marine x2  
  87  7:54  Marine x2  
  87  7:55  SCV x3  
  95  8:04  Command Center, Factory  
  95  8:07  SCV x2, Factory  
  95  8:08  Medivac x2  
  95  8:09  Hellion, SCV  
  104  8:13  Marine  
  104  8:14  Marine x4  
  104  8:17  Barracks  
  104  8:19  SCV  
  110  8:31  Marine x2  
  110  8:32  Marine x3  
  115  8:39  SCV  
  116  8:49  Marine  
  117  9:15  SCV x3, Siege Tank, Marine x5  
  122  9:27  SCV  
  120  9:32  SCV  
  120  9:33  Marine x5  
  120  9:36  SCV  
  122  9:40  SCV  
  122  9:45  SCV  
  124  9:47  Siege Tank  
  124  9:50  Medivac x2  
  124  9:51  Marine x5  
  124  9:52  SCV  
  123  9:56  SCV  
  123  9:57  SCV  
  115  10:04  SCV  
  115  10:06  Armory  
  116  10:08  Marine x5  
  116  10:09  Barracks  
  116  10:12  Barracks, Marine  
  122  10:19  SCV, Factory Tech Lab, Siege Tank  
  122  10:20  Factory Tech Lab  
  125  10:26  Marine x5  
  125  10:28  SCV x2  
  107  10:30  Marine  
Tags
 
Add a new tag
Caveats
  • Supply blocks, unpowered buildings, or Contaminate may cause inaccurate times.
  • Supply counts are checked every 10 seconds.